 Dungeon Crawl Stone Soup version 0.29.1-15-g9cfb28693d (webtiles) character file.

Game seed: 16163890189423365844

8 Artool the Trooper (level 2, 24/24 HPs)
             Began as a Demonspawn Fighter on Apr 6, 2023.
             Quit the game on level 1 of the Dungeon.
             The game lasted 00:00:34 (424 turns).

Artool the Trooper (Demonspawn Fighter)              Turns: 424, Time: 00:00:35

Health: 24/24      AC:  6    Str: 16    XL:     2   Next: 0%
Magic:  2/2        EV:  8    Int:  9    God:
Gold:   36         SH:  4    Dex: 12    Spells: 1/1 levels left

rFire   . . .      SeeInvis .   a - +0 flail
rCold   . . .      Faith    .   c - +0 buckler
rNeg    . . .      Spirit   .   b - +0 scale mail
rPois   .          Reflect  .   (helmet restricted)
rElec   .          Harm     .   (no cloak)
rCorr   .          Rampage  .   (no gloves)
Will    .....                   (no boots)
Stlth   ..........              (no amulet)
HPRegen 0.08/turn               (no ring)
MPRegen 0.08/turn               (no ring)

@: no status effects
A: horns 1
a: no special abilities


You were on level 1 of the Dungeon.
You visited 1 branch of the dungeon, and saw 1 of its levels.

You collected 36 gold pieces.

Inventory:

Hand Weapons
 a - a +0 flail (weapon)
Missiles
 f - 8 poisoned darts (quivered)
Armour
 b - a +0 scale mail (worn)
 c - a +0 buckler (worn)
Scrolls
 g - a scroll of poison {unknown}
 h - a scroll of vulnerability {unknown}
 i - a scroll of identify {unknown}
Potions
 d - a potion of might
 e - a potion of heal wounds {unknown}


   Skills:
 + Level 3.2 Fighting
 + Level 2.0 Maces & Flails
 + Level 2.8 Armour
 - Level 2.6 Shields


You had one spell level left.
You didn't know any spells.
Your spell library was empty.

Dungeon Overview and Level Annotations

Branches:
Dungeon (1/15)

Altars:


Innate Abilities, Weirdness & Mutations

You have a pair of small horns on your head.


Message History

No target in view!
No target in view!
You open the door.
There is a staircase leading out of the dungeon here.
There is an open door here.
You now have 36 gold pieces (gained 3).
Found a spear.
No target in view!
No target in view!
No target in view!
You see here a +0 spear.
Found a human skeleton.
No target in view!
You see here a human skeleton.
Found a human skeleton.
No target in view!
You see here a human skeleton.
Found a human skeleton.
No target in view!
No target in view!
No target in view!
No target in view!
Found a human skeleton.
No target in view!
No target in view!
Found a human corpse.
You see here a human skeleton.
No target in view!
No target in view!
No target in view!
A frilled lizard comes into view.
Found 10 gold pieces and a human corpse.
The frilled lizard hisses angrily.
You see here a human skeleton.
You thump the frilled lizard!
You kill the frilled lizard!
You have reached level 2!
Your demonic ancestry asserts itself...
A pair of horns grows on your head!
Are you sure you want to abandon this character and quit the game? (Confirm with "yes".)

#.#######.##########
#...## #........... ###..#
###########. ##.# #######
#>#########...# #
#.##..........#
####.............#
###..##..#####...#####
#†$.†@##.# ##........
###....#÷######..#†#####
#.#†..$##.#......#......
###.##.####.#^....########
#....#####..#.......#
#.##.÷..#÷.########.###
#..##.....##......#...###
##.#####.###.####.......#
#)#########)# #####.#...


There were no monsters in sight!

Vanquished Creatures
  A giant cockroach (D:1)
  A goblin (D:1)
  2 quokkas (D:1)
  2 bats (D:1)
  2 frilled lizards (D:1)
8 creatures vanquished.

Notes
Turn   | Place    | Note
-------+----------+-------------------------------------------
     0 | D:1      | Artool the Demonspawn Fighter began the quest for the Orb.
     0 | D:1      | Reached XP level 1. HP: 18/18 MP: 1/1
   424 | D:1      | Gained mutation: You have a pair of small horns on your
                  | head. [demonic ancestry]
   424 | D:1      | Reached XP level 2. HP: 24/24 MP: 2/2
   424 | D:1      | Quit the game

Illustrated notes

Levels and vault maps discovered:
D:1:      tarquinn_simple_flora_water_c, layout_rooms, st_stairs_8,
          wander_ebering_terrifying_dragon_lair

Skill      XL: |  1 |
---------------+----+-----
Maces & Flails | 2 |  2.0
Fighting       | |  3.2
Armour         | |  2.8
Shields        | |  2.6

Action                   || total
-------------------------++-------
Melee: Flail             ||    26
Armor: Scale mail        ||    16
Dodge: Dodged            ||    11
Block: Buckler           ||     8
